[ AOE2 MATCH · #513869149 ]
UnrankedArmenians vs Vietnamese
Player's team · LOSS
[ REPLAY ANALYSIS · EXTRACTED FROM THE RECORDED GAME ]
Feudal
20:07
Castle
28:20
Imperial
—
| APM avg | 23.5 |
| APM peak | 48 |
| eAPM avg | 15.1 |
| Villagers / military | 55 / 26 |
Focus
⚔️ 23.8% · 🌾 76.2%
Militia ×18 · Spearman ×4 · Composite Bowman ×4
Feudal
12:18
Castle
25:24
Imperial
—
| APM avg | 26.1 |
| APM peak | 44 |
| eAPM avg | 13.2 |
| Villagers / military | 62 / 30 |
Focus
⚔️ 33.7% · 🌾 66.3%
Archer ×17 · Rattan Archer ×13
Match map
Initial resources + every placement click. Lines = walls · curves = elevation contours. ◆ gold · ⬟ stone · ● berries · ✦ relic · ◌ wall gap
Your base· Open — 4t gap
mtb5dkc4's base· Open — unwalled flank
Smoothed initial terrain · ◌ = detected wall gap · hover for details
Inputs per minute
— Nessius Blaze - - mtb5dkc4
Build order — Nessius Blaze
144 actions detected in the replay
| 0:01 | Queue | Villager (Male) ×4 |
| 0:03 | Build | House |
| 0:05 | Build | House |
| 1:33 | Queue | Villager (Male) |
| 1:34 | Queue | Villager (Male) |
| 2:16 | Queue | Villager (Male) |
| 2:17 | Queue | Villager (Male) |
| 2:17 | Queue | Villager (Male) |
| 2:28 | Build | Mule Cart |
| 3:03 | Queue | Villager (Male) |
| 3:03 | Queue | Villager (Male) |
| 3:07 | Build | House |
| 3:35 | Queue | Villager (Male) |
| 3:35 | Queue | Villager (Male) |
| 3:38 | Queue | Villager (Male) |
| 3:38 | Queue | Villager (Male) |
| 4:07 | Queue | Villager (Male) |
| 4:07 | Queue | Villager (Male) |
| 4:38 | Queue | Villager (Male) |
| 4:38 | Queue | Villager (Male) |
| 4:39 | Queue | Villager (Male) |
| 5:01 | Queue | Villager (Male) |
| 5:01 | Queue | Villager (Male) |
| 5:24 | Build | Barracks |
| 5:56 | Queue | Villager (Male) |
| 5:57 | Queue | Villager (Male) |
| 6:09 | Research | Loom |
| 6:10 | Queue | Villager (Male) |
| 6:10 | Queue | Villager (Male) |
| 6:35 | Build | Mule Cart |
| 6:47 | Build | House |
| 6:57 | Build | House |
| 7:28 | Queue | Villager (Male) |
| 7:28 | Queue | Villager (Male) |
| 7:39 | Build | Mule Cart |
| 8:30 | Queue | Villager (Male) |
| 8:31 | Queue | Villager (Male) |
| 9:23 | Queue | Spearman |
| 9:24 | Queue | Spearman |
| 9:24 | Queue | Spearman |
| 9:24 | Queue | Spearman |
| 9:36 | Queue | Villager (Male) |
| 9:40 | Build | Mill |
| 10:31 | Build | Mill |
| 10:42 | Queue | Villager (Male) |
| 10:42 | Queue | Villager (Male) |
| 11:01 | Build | Farm |
| 11:05 | Build | Farm |
| 11:07 | Build | Farm |
| 11:11 | Build | House |
| 11:13 | Build | Farm |
| 11:28 | Build | Farm |
| 11:43 | Build | House |
| 11:44 | Build | House |
| 11:54 | Queue | Villager (Male) |
| 11:54 | Queue | Villager (Male) |
| 12:17 | Build | Farm |
| 12:20 | Build | Farm |
| 12:24 | Build | Farm |
| 12:29 | Build | Farm |
| 12:32 | Build | Farm |
| 12:35 | Build | Farm |
| 12:37 | Queue | Villager (Male) |
| 12:45 | Build | Farm |
| 13:19 | Queue | Villager (Male) |
| 13:39 | Queue | Villager (Male) |
| 13:39 | Queue | Villager (Male) |
| 14:40 | Queue | Villager (Male) |
| 14:40 | Queue | Villager (Male) |
| 15:27 | Queue | Villager (Male) |
| 15:27 | Queue | Villager (Male) |
| 16:19 | Queue | Villager (Male) |
| 16:24 | Build | Farm |
| 16:26 | Build | Farm |
| 16:29 | Build | Farm |
| 16:45 | Build | Farm |
| 16:47 | Build | Farm |
| 16:50 | Build | Farm |
| 16:53 | Build | Farm |
| 16:55 | Build | Farm |
| 17:16 | Build | Palisade Gate |
| 17:18 | Build | House |
| 17:55 | Build | Palisade Gate |
| 17:57 | Research | Feudal Age |
| 19:03 | Build | Barracks |
| 19:04 | Build | Barracks |
| 19:05 | Build | Barracks |
| 19:08 | Build | Mule Cart |
| 19:20 | Queue | Villager (Male) |
| 19:20 | Queue | Villager (Male) |
| 19:20 | Queue | Villager (Male) |
| 19:41 | Build | Mill |
| 19:44 | Build | House |
| 20:07 | Age | Feudal Age |
| 20:10 | Research | Double-Bit Axe |
| 20:15 | Research | Horse Collar |
| 20:17 | Queue | Militia ×2 |
| 20:18 | Queue | Militia ×2 |
| 20:44 | Queue | Militia |
| 20:44 | Queue | Militia |
| 20:51 | Build | Farm |
| 20:53 | Build | Farm |
| 20:55 | Build | Farm |
| 20:57 | Queue | Militia |
| 21:02 | Build | Blacksmith |
| 21:06 | Build | Market |
| 21:21 | Queue | Militia |
| 21:22 | Queue | Militia |
| 21:27 | Build | Farm |
| 21:51 | Queue | Militia ×3 |
| 21:51 | Queue | Militia ×3 |
| 21:52 | Queue | Militia ×3 |
| 22:14 | Queue | Villager (Male) |
| 22:35 | Research | Man-at-Arms (upgrade) |
| 23:13 | Queue | Villager (Male) |
| 23:13 | Queue | Villager (Male) |
| 23:19 | Research | Forging |
| 23:31 | Build | Farm |
| 23:33 | Build | Farm |
| 23:48 | Build | Farm |
| 23:50 | Build | Farm |
| 23:54 | Build | Farm |
| 23:56 | Build | Farm |
| 23:59 | Build | Farm |
| 24:06 | Build | Farm |
| 24:07 | Queue | Villager (Male) |
| 24:07 | Queue | Villager (Male) |
| 24:18 | Queue | Villager (Male) |
| 24:19 | Queue | Villager (Male) |
| 24:44 | Research | Fletching |
| 24:48 | Research | Long Swordsman (upgrade) |
| 25:15 | Research | Scale Mail Armor |
| 25:39 | Research | Castle Age |
| 25:53 | Research | Fletching |
| 28:13 | Queue | Villager (Male) |
| 28:19 | Research | Gold Mining |
| 28:20 | Age | Castle Age |
| 28:34 | Research | Bow Saw |
| 28:41 | Build | Town Center |
| 28:58 | Build | Castle |
| 30:12 | Queue | Composite Bowman |
| 30:12 | Queue | Composite Bowman |
| 30:12 | Queue | Composite Bowman |
| 30:12 | Queue | Composite Bowman |
Build order — mtb5dkc4
First 150 of 160 actions detected
| 0:01 | Queue | Villager (Male) |
| 0:02 | Queue | Villager (Male) |
| 0:03 | Research | Loom |
| 0:05 | Build | House |
| 0:09 | Build | House |
| 0:18 | Queue | Villager (Male) |
| 0:19 | Queue | Villager (Male) |
| 0:56 | Queue | Villager (Male) |
| 0:56 | Queue | Villager (Male) |
| 1:46 | Queue | Villager (Male) |
| 1:46 | Queue | Villager (Male) |
| 2:40 | Queue | Villager (Male) |
| 2:40 | Queue | Villager (Male) |
| 2:54 | Queue | Villager (Male) |
| 2:54 | Queue | Villager (Male) |
| 3:13 | Build | Lumber Camp |
| 3:16 | Queue | Villager (Male) |
| 3:17 | Queue | Villager (Male) |
| 3:29 | Queue | Villager (Male) |
| 3:29 | Queue | Villager (Male) |
| 4:02 | Queue | Villager (Male) |
| 4:03 | Queue | Villager (Male) |
| 4:16 | Build | House |
| 4:32 | Build | Palisade Wall |
| 4:34 | Build | Palisade Wall |
| 4:35 | Build | Palisade Wall |
| 4:45 | Queue | Villager (Male) |
| 4:45 | Queue | Villager (Male) |
| 4:58 | Build | Palisade Wall |
| 4:59 | Build | Palisade Wall |
| 5:00 | Build | Palisade Wall |
| 5:02 | Build | Palisade Wall |
| 5:03 | Build | Palisade Wall |
| 5:06 | Queue | Villager (Male) |
| 5:54 | Queue | Villager (Male) |
| 5:54 | Queue | Villager (Male) |
| 6:17 | Build | House |
| 6:53 | Build | House |
| 7:20 | Queue | Villager (Male) |
| 7:21 | Queue | Villager (Male) |
| 7:43 | Build | House |
| 7:44 | Queue | Villager (Male) |
| 8:32 | Build | Mill |
| 9:18 | Queue | Villager (Male) |
| 9:36 | Build | House |
| 9:42 | Queue | Villager (Male) |
| 9:49 | Build | Mill |
| 9:58 | Research | Feudal Age |
| 9:58 | Research | Feudal Age |
| 10:03 | Build | Mining Camp |
| 10:13 | Build | House |
| 10:30 | Build | House |
| 10:33 | Build | Palisade Wall |
| 10:35 | Build | Palisade Wall |
| 10:42 | Build | House |
| 10:52 | Build | Palisade Wall |
| 10:57 | Build | House |
| 12:03 | Build | Barracks |
| 12:18 | Age | Feudal Age |
| 12:20 | Queue | Villager (Male) |
| 12:23 | Research | Double-Bit Axe |
| 12:35 | Queue | Villager (Male) |
| 13:09 | Build | Watch Tower |
| 13:11 | Queue | Villager (Male) |
| 13:17 | Build | Archery Range |
| 13:20 | Queue | Villager (Male) |
| 13:20 | Queue | Villager (Male) |
| 13:36 | Queue | Villager (Male) |
| 13:44 | Build | Palisade Wall |
| 13:48 | Build | Palisade Wall |
| 13:52 | Build | Palisade Wall |
| 13:54 | Build | Palisade Wall |
| 14:05 | Queue | Archer |
| 14:06 | Queue | Archer |
| 14:29 | Build | Palisade Wall |
| 14:38 | Queue | Archer |
| 14:38 | Queue | Archer |
| 15:04 | Queue | Archer |
| 15:45 | Queue | Archer |
| 15:47 | Queue | Villager (Male) |
| 15:47 | Queue | Villager (Male) |
| 15:51 | Build | Blacksmith |
| 16:18 | Build | Mining Camp |
| 16:19 | Queue | Villager (Male) |
| 16:32 | Build | Farm |
| 16:33 | Build | Farm |
| 16:33 | Build | Farm |
| 16:34 | Build | Farm |
| 16:34 | Build | Farm |
| 16:34 | Build | Farm |
| 16:40 | Build | Mining Camp |
| 16:48 | Queue | Villager (Male) |
| 16:51 | Queue | Archer |
| 16:51 | Queue | Archer |
| 17:03 | Queue | Villager (Male) |
| 17:03 | Queue | Villager (Male) |
| 17:24 | Queue | Archer |
| 17:24 | Queue | Archer |
| 17:25 | Queue | Villager (Male) |
| 18:03 | Build | Mill |
| 18:23 | Queue | Villager (Male) |
| 18:23 | Queue | Villager (Male) |
| 18:50 | Queue | Villager (Male) |
| 18:53 | Queue | Archer |
| 19:06 | Queue | Villager (Male) |
| 19:18 | Research | Fletching |
| 19:19 | Research | Fletching |
| 19:39 | Build | Watch Tower |
| 19:48 | Queue | Villager (Male) |
| 19:59 | Queue | Archer |
| 20:54 | Queue | Archer |
| 20:55 | Queue | Archer |
| 20:56 | Queue | Villager (Male) |
| 21:17 | Queue | Villager (Male) |
| 21:27 | Build | Market |
| 21:55 | Queue | Villager (Male) |
| 21:57 | Build | Farm |
| 21:59 | Queue | Villager (Male) |
| 22:06 | Build | Farm |
| 22:08 | Build | Farm |
| 22:39 | Research | Castle Age |
| 22:40 | Research | Castle Age |
| 23:30 | Queue | Archer |
| 23:32 | Research | Padded Archer Armor |
| 23:47 | Build | Lumber Camp |
| 24:05 | Build | House |
| 24:06 | Build | House |
| 24:31 | Build | House |
| 24:32 | Build | House |
| 24:37 | Build | Palisade Gate |
| 24:40 | Build | Palisade Wall |
| 25:24 | Age | Castle Age |
| 25:29 | Research | Crossbowman (upgrade) |
| 25:30 | Research | Bodkin Arrow |
| 25:31 | Research | Bodkin Arrow |
| 26:00 | Queue | Villager (Male) |
| 26:04 | Build | Farm |
| 26:14 | Build | Castle |
| 26:21 | Queue | Archer |
| 26:22 | Queue | Archer |
| 26:37 | Queue | Villager (Male) |
| 26:37 | Queue | Villager (Male) |
| 26:43 | Build | Lumber Camp |
| 27:29 | Queue | Villager (Male) |
| 27:29 | Queue | Villager (Male) |
| 27:29 | Queue | Villager (Male) |
| 27:53 | Queue | Villager (Male) |
| 28:04 | Build | Town Center |
| 28:17 | Queue | Rattan Archer ×5 |
| 28:21 | Research | Town Watch |
Match timeline
| 4:32 | mtb5dkc4 · wall_segment Palisade Wall x4 |
| 4:34 | mtb5dkc4 · wall_segment Palisade Wall x2 |
| 4:35 | mtb5dkc4 · wall_segment Palisade Wall x1 |
| 4:58 | mtb5dkc4 · wall_segment Palisade Wall x1 |
| 4:59 | mtb5dkc4 · wall_segment Palisade Wall x1 |
| 5:00 | mtb5dkc4 · wall_segment Palisade Wall x1 |
| 5:02 | mtb5dkc4 · wall_segment Palisade Wall x3 |
| 5:03 | mtb5dkc4 · wall_segment Palisade Wall x3 |
| 5:24 | Nessius Blaze · first_building Barracks |
| 10:33 | mtb5dkc4 · wall_segment Palisade Wall x4 |
| 10:35 | mtb5dkc4 · wall_segment Palisade Wall x5 |
| 10:52 | mtb5dkc4 · wall_segment Palisade Wall x1 |
| 12:03 | mtb5dkc4 · first_building Barracks |
| 12:18 | mtb5dkc4 · age_up feudal |
| 13:17 | mtb5dkc4 · first_building Archery Range |
| 13:44 | mtb5dkc4 · wall_segment Palisade Wall x3 |
| 13:48 | mtb5dkc4 · wall_segment Palisade Wall x2 |
| 13:52 | mtb5dkc4 · wall_segment Palisade Wall x1 |
| 13:54 | mtb5dkc4 · wall_segment Palisade Wall x1 |
| 14:29 | mtb5dkc4 · wall_segment Palisade Wall x1 |
| 20:07 | Nessius Blaze · age_up feudal |
| 22:37 | mtb5dkc4 · first_market_buy 100 food |
| 23:18 | Nessius Blaze · first_market_buy 100 food |
| 24:40 | mtb5dkc4 · wall_segment Palisade Wall x1 |
| 25:24 | mtb5dkc4 · age_up castle |
| 25:29 | Nessius Blaze · first_market_sell 500 wood |
| 26:14 | mtb5dkc4 · first_building Castle |
| 28:20 | Nessius Blaze · age_up castle |
| 28:58 | Nessius Blaze · first_building Castle |
| 30:48 | Nessius Blaze · resign |
[ AI ANALYSIS · 1 CREDIT ]
What really happened in this match?
Wolo.gg analyzes every decision: build order, eco, micro, common mistakes by bracket. Personalized analysis on WhatsApp or Discord in 30 seconds.
Civ guide
Armenians
Perfil
Jugador #14262476